General information
- name: BNet
- type: Ladder team game (AT/RT)
- host: Battle.net
- saver: GOSU-HARASSER
map: Deadlock
- players: 8
- length: 38:03
- speed: Fast
- version: 1.26 W3XP
- replay type: Public
» download(321 KB)
Players
team 1 (winner)
TOXlCNARCOTIC (
pink | 206 APM | 7187 actions | 34:52)
8 Death Knight
3 Death Coil
3 Unholy Aura
1 Animate Dead
1 Death Pact
6 Lich
3 Frost Nova
2 Dark Ritual
1 Death and Decay
5 Dreadlord
3 Sleep
2 Vampiric Aura
» actions
| Assign group hotkey | 117 | |
| Basic commands | 334 | |
| Build / train | 133 | |
| ESC pressed | 1 | |
| Enter build submenu | 32 | |
| Enter hero's abilities submenu | 19 | |
| Give item / drop item | 2 | |
| Remove unit from queue | 3 | |
| Right click | 2335 | |
| Select / deselect | 1005 | |
| Select group hotkey | 2827 | |
| Use ability | 379 | |
7187 total
» units
| Acolyte | 7 | |
| Ghoul | 3 | |
| Crypt Fiend | 22 | |
| Frost Wyrm | 11 | |
43 total
» upgrades
| Creature Attack | 3 | |
| Creature Carapace | 2 | |
| Web | 1 | |
6 total
» buildings
| Graveyard | 1 | |
| Crypt | 1 | |
| Ziggurat | 8 | |
| Altar of Darkness | 1 | |
| Tomb of Relics | 2 | |
| Halls of the Dead | 3 | |
| Necropolis | 1 | |
| Nerubian Tower | 1 | |
| Spirit Tower | 1 | |
| Black Citadel | 5 | |
| Sacrificial Pit | 1 | |
| Boneyard | 2 | |
27 total
» build order
00:07 Graveyard
00:09 Crypt
00:29 Ziggurat
00:47 Altar of Darkness
01:07 Tomb of Relics
01:49 Ziggurat
03:34 Ziggurat
06:03 Halls of the Dead
06:03 Halls of the Dead
06:59 Ziggurat
07:00 Ziggurat
07:43 Tomb of Relics
07:48 Necropolis
07:53 Nerubian Tower
07:54 Spirit Tower
09:08 Black Citadel
09:08 Black Citadel
09:08 Black Citadel
09:09 Black Citadel
10:23 Sacrificial Pit
11:30 Boneyard
11:32 Boneyard
13:38 Ziggurat
13:43 Ziggurat
16:48 Ziggurat
» items
| Rod of Necromancy | 11 | |
| Scroll of Regeneration | 3 | |
| Lesser Clarity Potion | 3 | |
| Scroll of Town Portal | 12 | |
| Circlet of Nobility | 1 | |
| Scroll of Protection | 2 | |
| Scroll of Healing | 3 | |
| Potion of Healing | 1 | |
| Orb of Corruption | 1 | |
| Potion of Lesser Invulnerability | 1 | |
38 total
kcraMSib (
purple | 92 APM | 3225 actions | 35:01)
10 Death Knight
3 Death Coil
3 Death Pact
3 Unholy Aura
1 Animate Dead
» actions
| Assign group hotkey | 82 | |
| Basic commands | 1 | |
| Build / train | 87 | |
| Enter build submenu | 23 | |
| Enter hero's abilities submenu | 10 | |
| Give item / drop item | 1 | |
| Right click | 734 | |
| Select / deselect | 949 | |
| Select group hotkey | 1239 | |
| Use ability | 98 | |
3225 total
» units
| Acolyte | 9 | |
| Ghoul | 3 | |
| Crypt Fiend | 8 | |
| Frost Wyrm | 13 | |
33 total
» upgrades
| Creature Attack | 3 | |
| Web | 1 | |
| Creature Carapace | 3 | |
| Ghoul Frenzy | 1 | |
| Freezing Breath | 1 | |
| Unholy Strength | 1 | |
| Unholy Armor | 1 | |
11 total
» buildings
| Graveyard | 1 | |
| Crypt | 2 | |
| Altar of Darkness | 1 | |
| Ziggurat | 9 | |
| Tomb of Relics | 2 | |
| Nerubian Tower | 1 | |
| Necropolis | 1 | |
| Spirit Tower | 4 | |
| Halls of the Dead | 1 | |
| Black Citadel | 1 | |
| Sacrificial Pit | 1 | |
| Boneyard | 3 | |
27 total
» build order
00:10 Graveyard
00:21 Crypt
00:44 Altar of Darkness
00:59 Ziggurat
01:30 Tomb of Relics
02:02 Ziggurat
02:33 Nerubian Tower
04:03 Ziggurat
04:24 Ziggurat
04:30 Necropolis
04:44 Spirit Tower
05:18 Halls of the Dead
05:31 Spirit Tower
06:10 Crypt
09:05 Ziggurat
09:07 Black Citadel
12:25 Spirit Tower
13:19 Sacrificial Pit
13:45 Ziggurat
14:08 Boneyard
14:10 Boneyard
14:13 Boneyard
14:16 Ziggurat
14:21 Tomb of Relics
17:42 Ziggurat
29:55 Ziggurat
31:39 Spirit Tower
» items
| Rod of Necromancy | 3 | |
| Sacrificial Skull | 1 | |
| Scroll of Town Portal | 10 | |
| Potion of Healing | 2 | |
| Potion of Mana | 2 | |
| Scroll of Healing | 4 | |
| Scroll of Regeneration | 1 | |
| Potion of Lesser Invulnerability | 1 | |
| Orb of Fire | 1 | |
25 total

»
OrcRinds (
yellow | 14 APM | 369 actions | 25:57)
2 Paladin
1 Holy Light
1 Divine Shield
» actions
| Basic commands | 46 | |
| Build / train | 41 | |
| Enter build submenu | 18 | |
| Enter hero's abilities submenu | 2 | |
| Right click | 10 | |
| Select / deselect | 180 | |
| Use ability | 72 | |
369 total
» units
» upgrades
| Masonry | 2 | |
| Defend | 1 | |
| Swords | 1 | |
| Lumber Harvesting | 1 | |
5 total
» buildings
| Farm | 7 | |
| Altar of Kings | 1 | |
| Lumber Mill | 2 | |
| Scout Tower | 1 | |
| Arcane Tower | 1 | |
| Arcane Vault | 2 | |
| Barracks | 2 | |
| Blacksmith | 1 | |
| Keep | 1 | |
| Castle | 1 | |
| Workshop | 1 | |
20 total
» build order
00:30 Farm
00:45 Altar of Kings
00:53 Lumber Mill
01:10 Lumber Mill
01:15 Scout Tower
01:39 Arcane Tower
01:59 Farm
02:15 Farm
02:24 Arcane Vault
02:36 Farm
02:48 Barracks
02:59 Farm
03:20 Barracks
03:36 Blacksmith
03:40 Farm
04:37 Farm
06:27 Keep
08:49 Arcane Vault
10:30 Castle
11:08 Workshop
» items
| Scroll of Regeneration | 2 | |
| Lesser Clarity Potion | 2 | |
| Scroll of Town Portal | 1 | |
| Potion of Mana | 1 | |
6 total
GOSU-HARASSER (
orange | 63 APM | 2393 actions | 38:03)
8 Blood Mage
3 Flame Strike
3 Siphon Mana
1 Summon Phoenix
1 Banish
» actions
| Assign group hotkey | 96 | |
| Basic commands | 22 | |
| Build / train | 79 | |
| Enter build submenu | 13 | |
| Enter hero's abilities submenu | 8 | |
| Give item / drop item | 3 | |
| Right click | 976 | |
| Select / deselect | 275 | |
| Select group hotkey | 751 | |
| Use ability | 170 | |
2393 total
» units
| Peasant | 8 | |
| Footman | 5 | |
| Sorceress | 21 | |
34 total
» upgrades
| Lumber Harvesting | 1 | |
| Masonry | 2 | |
| Sorceress Training | 2 | |
| Priest Training | 1 | |
| Magic Sentry | 1 | |
7 total
» buildings
| Altar of Kings | 1 | |
| Barracks | 1 | |
| Farm | 6 | |
| Scout Tower | 3 | |
| Arcane Vault | 1 | |
| Arcane Tower | 2 | |
| Keep | 1 | |
| Lumber Mill | 1 | |
| Arcane Sanctum | 2 | |
| Castle | 1 | |
| Guard Tower | 1 | |
20 total
» build order
00:20 Altar of Kings
00:23 Barracks
00:38 Farm
00:52 Farm
01:39 Farm
01:52 Scout Tower
02:03 Arcane Vault
02:36 Arcane Tower
03:18 Keep
03:41 Farm
04:11 Lumber Mill
04:15 Farm
05:09 Farm
05:53 Arcane Sanctum
05:55 Arcane Sanctum
05:59 Castle
06:37 Scout Tower
06:38 Scout Tower
07:10 Arcane Tower
08:13 Guard Tower
» items
| Scroll of Regeneration | 4 | |
| Potion of Mana | 7 | |
| Lesser Clarity Potion | 5 | |
| Potion of Invisibility | 1 | |
| Potion of Lesser Invulnerability | 1 | |
| Staff of Teleportation | 1 | |
| Potion of Healing | 3 | |
| Scroll of Town Portal | 1 | |
23 total
team 2 (loser)
XxLordDiabloxX (
red | 84 APM | 3190 actions | 38:02)
6 Death Knight
3 Death Coil
3 Unholy Aura
6 Pandaren Brewmaster
3 Breath of Fire
2 Drunken Haze
1 Storm Earth and Fire
5 Lich
3 Frost Nova
2 Dark Ritual
» actions
| Assign group hotkey | 41 | |
| Basic commands | 184 | |
| Build / train | 146 | |
| Enter build submenu | 25 | |
| Enter hero's abilities submenu | 18 | |
| Remove unit from queue | 4 | |
| Right click | 1153 | |
| Select / deselect | 564 | |
| Select group hotkey | 946 | |
| Use ability | 109 | |
3190 total
» units
| Acolyte | 75 | |
| Ghoul | 4 | |
| Crypt Fiend | 6 | |
| Frost Wyrm | 6 | |
| Obsidian Statue | 5 | |
96 total
» upgrades
| Creature Attack | 3 | |
| Web | 1 | |
| Creature Carapace | 3 | |
| Ghoul Frenzy | 1 | |
| Freezing Breath | 1 | |
| Destroyer Form | 1 | |
10 total
» buildings
| Crypt | 1 | |
| Graveyard | 1 | |
| Ziggurat | 13 | |
| Altar of Darkness | 1 | |
| Tomb of Relics | 1 | |
| Halls of the Dead | 1 | |
| Necropolis | 2 | |
| Black Citadel | 1 | |
| Sacrificial Pit | 1 | |
| Spirit Tower | 5 | |
| Boneyard | 2 | |
| Nerubian Tower | 1 | |
| Slaughterhouse | 1 | |
31 total
» build order
00:05 Crypt
00:09 Graveyard
00:39 Ziggurat
00:56 Altar of Darkness
01:21 Tomb of Relics
01:50 Ziggurat
02:32 Ziggurat
05:24 Halls of the Dead
05:42 Ziggurat
06:40 Necropolis
06:52 Ziggurat
07:52 Black Citadel
08:59 Sacrificial Pit
10:04 Spirit Tower
10:23 Spirit Tower
10:26 Spirit Tower
11:07 Ziggurat
11:08 Ziggurat
11:11 Ziggurat
11:20 Ziggurat
11:30 Boneyard
11:31 Boneyard
11:39 Ziggurat
13:14 Spirit Tower
13:52 Nerubian Tower
13:54 Spirit Tower
16:15 Necropolis
17:28 Slaughterhouse
22:04 Ziggurat
22:05 Ziggurat
30:54 Ziggurat
» items
| Rod of Necromancy | 1 | |
| Scroll of Town Portal | 3 | |
| Orb of Corruption | 1 | |
| Boots of Speed | 1 | |
6 total

»
LordTG (
blue | 56 APM | 2128 actions | 38:02)
5 Archmage
3 Summon Water Elemental
2 Brilliance Aura
5 Mountain King
3 Storm Bolt
2 Bash
» actions
| Assign group hotkey | 247 | |
| Basic commands | 365 | |
| Build / train | 164 | |
| Enter build submenu | 21 | |
| Enter hero's abilities submenu | 10 | |
| Remove unit from queue | 1 | |
| Right click | 496 | |
| Select / deselect | 479 | |
| Select group hotkey | 215 | |
| Use ability | 130 | |
2128 total
» units
| Peasant | 21 | |
| Footman | 5 | |
| Rifleman | 20 | |
| Mortar Team | 9 | |
| Spell Breaker | 6 | |
| Priest | 3 | |
| Flying Machine | 44 | |
| Siege Engine | 9 | |
117 total
» upgrades
| Gunpowder | 3 | |
| Long Rifles | 1 | |
| Lumber Harvesting | 1 | |
| Control Magic | 1 | |
| Magic Sentry | 1 | |
| Fragmentation Shards | 1 | |
| Flak Cannons | 1 | |
| Flying Machine Bombs | 1 | |
| Flare | 1 | |
| Armor | 1 | |
| Barrage | 1 | |
13 total
» buildings
| Farm | 14 | |
| Lumber Mill | 1 | |
| Altar of Kings | 1 | |
| Scout Tower | 14 | |
| Barracks | 1 | |
| Arcane Tower | 3 | |
| Blacksmith | 1 | |
| Arcane Vault | 2 | |
| Town Hall | 2 | |
| Keep | 3 | |
| Guard Tower | 6 | |
| Workshop | 2 | |
| Castle | 1 | |
| Arcane Sanctum | 1 | |
52 total
» build order
00:27 Farm
00:29 Farm
00:37 Lumber Mill
01:02 Altar of Kings
01:53 Scout Tower
02:03 Farm
02:15 Barracks
02:21 Farm
02:22 Farm
02:27 Arcane Tower
02:40 Blacksmith
03:12 Arcane Vault
05:34 Town Hall
05:38 Scout Tower
05:39 Scout Tower
05:41 Scout Tower
05:53 Scout Tower
06:09 Keep
06:09 Keep
06:21 Guard Tower
06:35 Guard Tower
06:35 Guard Tower
08:08 Farm
08:09 Farm
08:10 Farm
08:13 Farm
08:13 Farm
09:33 Workshop
10:21 Castle
10:26 Arcane Sanctum
16:05 Scout Tower
16:06 Scout Tower
16:08 Scout Tower
16:09 Scout Tower
16:49 Arcane Vault
17:08 Arcane Tower
17:09 Guard Tower
17:31 Farm
17:31 Farm
17:33 Farm
17:35 Farm
19:54 Guard Tower
19:56 Arcane Tower
24:25 Workshop
25:05 Town Hall
28:26 Scout Tower
28:28 Scout Tower
28:31 Scout Tower
28:32 Scout Tower
28:33 Scout Tower
29:17 Guard Tower
» items
| Scroll of Regeneration | 1 | |
| Scroll of Town Portal | 4 | |
| Potion of Healing | 1 | |
6 total

»
WritersEffigy (
teal | 29 APM | 1099 actions | 38:02)
3 Crypt Lord
2 Impale
1 Carrion Beetles
4 Death Knight
2 Death Coil
2 Unholy Aura
» actions
| Assign group hotkey | 20 | |
| Build / train | 64 | |
| ESC pressed | 3 | |
| Enter build submenu | 14 | |
| Enter hero's abilities submenu | 7 | |
| Remove unit from queue | 1 | |
| Right click | 376 | |
| Select / deselect | 238 | |
| Select group hotkey | 315 | |
| Use ability | 61 | |
1099 total
» units
| Acolyte | 18 | |
| Ghoul | 4 | |
| Crypt Fiend | 16 | |
| Gargoyle | 3 | |
41 total
» upgrades
| Creature Attack | 3 | |
| Creature Carapace | 2 | |
| Web | 1 | |
| Burrow | 1 | |
7 total
» buildings
| Altar of Darkness | 1 | |
| Ziggurat | 7 | |
| Crypt | 2 | |
| Graveyard | 1 | |
| Halls of the Dead | 1 | |
| Tomb of Relics | 1 | |
| Nerubian Tower | 2 | |
| Black Citadel | 1 | |
| Sacrificial Pit | 1 | |
| Spirit Tower | 2 | |
19 total
» build order
00:07 Altar of Darkness
00:09 Ziggurat
00:13 Crypt
01:36 Graveyard
02:08 Crypt
02:14 Ziggurat
03:26 Ziggurat
05:04 Halls of the Dead
06:01 Tomb of Relics
06:58 Ziggurat
07:01 Nerubian Tower
07:03 Nerubian Tower
09:01 Black Citadel
09:46 Ziggurat
10:23 Sacrificial Pit
11:00 Spirit Tower
36:32 Ziggurat
36:34 Ziggurat
37:27 Spirit Tower
revenge.anal (
green | 80 APM | 3047 actions | 38:02)
6 Mountain King
3 Storm Bolt
2 Bash
1 Avatar
1 Paladin
1 Divine Shield
» actions
| Assign group hotkey | 36 | |
| Basic commands | 21 | |
| Build / train | 135 | |
| Enter build submenu | 55 | |
| Enter hero's abilities submenu | 7 | |
| Give item / drop item | 2 | |
| Right click | 1978 | |
| Select / deselect | 500 | |
| Select group hotkey | 190 | |
| Use ability | 123 | |
3047 total
» units
| Peasant | 43 | |
| Footman | 11 | |
| Rifleman | 3 | |
| Knight | 10 | |
| Priest | 7 | |
| Gryphon Rider | 1 | |
| Dragonhawk Rider | 5 | |
80 total
» upgrades
| Defend | 1 | |
| Masonry | 3 | |
| Lumber Harvesting | 2 | |
| Long Rifles | 1 | |
| Animal War Training | 1 | |
| Plating | 3 | |
| Priest Training | 2 | |
| Magic Sentry | 1 | |
| Swords | 2 | |
| Cloud | 1 | |
17 total
» buildings
| Altar of Kings | 1 | |
| Barracks | 3 | |
| Farm | 13 | |
| Scout Tower | 25 | |
| Arcane Tower | 4 | |
| Town Hall | 4 | |
| Lumber Mill | 1 | |
| Keep | 1 | |
| Guard Tower | 11 | |
| Blacksmith | 1 | |
| Castle | 1 | |
| Arcane Sanctum | 2 | |
| Gryphon Aviary | 2 | |
| Arcane Vault | 2 | |
71 total
» build order
00:22 Altar of Kings
00:25 Barracks
00:29 Farm
00:32 Farm
00:35 Farm
01:32 Scout Tower
02:03 Scout Tower
02:05 Arcane Tower
02:32 Arcane Tower
02:36 Farm
03:18 Farm
04:09 Scout Tower
04:36 Town Hall
04:42 Scout Tower
04:43 Scout Tower
04:58 Scout Tower
05:10 Arcane Tower
05:14 Scout Tower
05:16 Scout Tower
05:18 Scout Tower
05:24 Scout Tower
05:32 Lumber Mill
06:05 Arcane Tower
06:08 Scout Tower
07:44 Keep
07:46 Guard Tower
07:52 Barracks
07:57 Blacksmith
09:02 Barracks
09:09 Scout Tower
09:17 Guard Tower
09:18 Scout Tower
10:27 Guard Tower
10:30 Castle
11:08 Scout Tower
11:32 Guard Tower
11:33 Scout Tower
11:40 Guard Tower
11:42 Scout Tower
12:17 Guard Tower
12:19 Scout Tower
12:23 Guard Tower
12:44 Farm
13:07 Guard Tower
13:46 Farm
14:04 Arcane Sanctum
15:26 Scout Tower
15:34 Gryphon Aviary
15:36 Gryphon Aviary
15:46 Scout Tower
16:01 Guard Tower
16:03 Scout Tower
16:21 Guard Tower
16:23 Scout Tower
17:00 Arcane Vault
17:06 Farm
17:17 Farm
17:20 Farm
17:22 Guard Tower
18:28 Arcane Vault
20:12 Farm
21:09 Arcane Sanctum
21:17 Farm
22:03 Town Hall
22:55 Farm
31:37 Town Hall
31:38 Scout Tower
31:39 Scout Tower
31:42 Scout Tower
31:45 Scout Tower
37:14 Town Hall
» items
| Boots of Speed | 1 | |
| Scroll of Healing | 1 | |
| Periapt of Vitality | 1 | |
| Scroll of Town Portal | 1 | |
| Potion of Healing | 3 | |
| Scroll of Regeneration | 1 | |
| Orb of Fire | 1 | |
| Potion of Mana | 1 | |
10 total
Chat log
(00:12 / Allies) TOXlCNARCOTIC: 100g plz
(00:14 / All) TOXlCNARCOTIC: gl hf
(00:38 / Allies) TOXlCNARCOTIC: ty
(00:40 / Allies) OrcRinds: np
(03:50 / Allies) GOSU-HARASSER: Father got angry again.
(05:42 / Allies) TOXlCNARCOTIC: lubmer
(10:39 / Allies) kcraMSib: t
(10:40 / Allies) kcraMSib: ty
(13:21 / Allies) OrcRinds: gl dudes
(13:31 / Allies) TOXlCNARCOTIC: we fine
(13:44 / Allies) GOSU-HARASSER: im raping
(13:45 / Allies) GOSU-HARASSER: their workes
(13:46 / Allies) GOSU-HARASSER: big time
(13:52 / All) GOSU-HARASSER: im a prikc huh
(14:23 / Allies) GOSU-HARASSER: tp to yel
(15:45 / All) XxLordDiabloxX: Well you deserve your name.
(15:53 / All) GOSU-HARASSER: ty
(15:54 / All) GOSU-HARASSER: lol
(16:28 / All) XxLordDiabloxX: Being in an UD dominant meta surely helps tho
(16:47 / All) GOSU-HARASSER: i sacrifice sorc so easy
(18:15 / Allies) TOXlCNARCOTIC: stick
(18:17 / Allies) TOXlCNARCOTIC: 2gether purp
(18:26 / Allies) TOXlCNARCOTIC: purp
(18:47 / Allies) TOXlCNARCOTIC: tp to orange
(18:54 / Allies) kcraMSib: k
(19:59 / Allies) kcraMSib: red kill
(22:57 / Allies) kcraMSib: ty
(23:27 / Allies) TOXlCNARCOTIC: gold
(23:28 / Allies) TOXlCNARCOTIC: for tp
(23:28 / Allies) TOXlCNARCOTIC: i come
(24:14 / Allies) GOSU-HARASSER: now if only u guys did that at the start
(24:47 / All) GOSU-HARASSER: control my phoenix yellow
(25:17 / Allies) kcraMSib: green
(26:15 / All) GOSU-HARASSER: red weren't u in clan zt or hange dout there
(26:32 / All) XxLordDiabloxX: I was in P4k
(26:41 / All) TOXlCNARCOTIC: LOL;
(26:44 / All) TOXlCNARCOTIC: IM ZERATH3
(26:44 / All) GOSU-HARASSER: friend of mugaros? i think i played on the originap p4k acct
(26:45 / All) XxLordDiabloxX: Then it disband and knew some people in zT
(26:45 / All) TOXlCNARCOTIC: ROFLROFL
(26:48 / All) TOXlCNARCOTIC: JAMEL
(26:51 / All) XxLordDiabloxX: LOL
(26:53 / All) XxLordDiabloxX: LOL
(27:15 / All) XxLordDiabloxX: Nah I wasn't friend with Mugaros
(27:25 / All) XxLordDiabloxX: Mostly with ProtonXX, Drew (HolyFireDarkIce)
(27:27 / All) GOSU-HARASSER: i get u mixed up with
(27:31 / All) XxLordDiabloxX: Killinday to some extend
(27:31 / All) GOSU-HARASSER: diablo-joint
(27:38 / All) XxLordDiabloxX: Ah yeah I knew this guy too
(27:51 / All) GOSU-HARASSER: id
(28:31 / All) GOSU-HARASSER: i should have gave control to my allie sso they could use my sorc id idnt even touch them once at my base they died like 5 time
(29:08 / Allies) TOXlCNARCOTIC: GO PURP
(29:09 / Allies) TOXlCNARCOTIC: with me
(30:03 / Allies) GOSU-HARASSER: gold?
(30:18 / Allies) TOXlCNARCOTIC: wow
(30:19 / Allies) TOXlCNARCOTIC: purp
(30:19 / Allies) TOXlCNARCOTIC: wow
(30:21 / Allies) TOXlCNARCOTIC: u fail
(30:36 / Allies) TOXlCNARCOTIC: wow
(30:38 / Allies) TOXlCNARCOTIC: u move
(30:40 / Allies) TOXlCNARCOTIC: and not attack move
(30:43 / Allies) TOXlCNARCOTIC: and u dont pay attention
(31:16 / Allies) TOXlCNARCOTIC: tp
(31:17 / Allies) TOXlCNARCOTIC: purp
(31:20 / Allies) TOXlCNARCOTIC: u 1st baddie
(31:40 / Allies) TOXlCNARCOTIC: tp
(31:42 / Allies) TOXlCNARCOTIC: we can take that
(31:45 / Allies) GOSU-HARASSER: let it die
(31:48 / Allies) TOXlCNARCOTIC: i got lvl 6 dl
(31:59 / Allies) kcraMSib: tp to u then
(32:07 / Allies) GOSU-HARASSER: 200g?
(32:29 / Allies) TOXlCNARCOTIC: they split
(32:30 / Allies) TOXlCNARCOTIC: go
(32:52 / All) XxLordDiabloxX: HEAL
(33:10 / Allies) GOSU-HARASSER: TP PURP LOL
(33:11 / All) GOSU-HARASSER: TP PURP
(33:13 / All) GOSU-HARASSER: LOL
(33:39 / Allies) TOXlCNARCOTIC: itz over
(33:41 / Allies) TOXlCNARCOTIC: purp too bad
(33:43 / Allies) TOXlCNARCOTIC: cant play as team
(33:47 / Allies) TOXlCNARCOTIC: and he click moves
(33:48 / Allies) kcraMSib: I???
(33:49 / Allies) TOXlCNARCOTIC: not attack moves
(33:52 / Allies) TOXlCNARCOTIC: like baddie
(34:30 / All) GOSU-HARASSER: IT WAS A well played game gentlemen
(34:37 / All) XxLordDiabloxX: Yeah GG
(34:39 / All) TOXlCNARCOTIC: sigh
(34:42 / All) XxLordDiabloxX: Nice work on the harass
(34:51 / All) TOXlCNARCOTIC: playing solo in a 4s game sucks
(34:55 / All) GOSU-HARASSER: lol
(34:58 / All) kcraMSib: gg
(35:00 / All) GOSU-HARASSER: he was mad at purple
(35:13 / All) XxLordDiabloxX: Of course
(35:15 / All) GOSU-HARASSER: what channel u gonna be in after game
(35:18 / All) XxLordDiabloxX: he rages after everyone
(35:25 / All) LordTG: clan thug!
(35:28 / All) XxLordDiabloxX: huh I don't know where do 4s players hang out now
(35:39 / All) GOSU-HARASSER: clan sys is always full but its a hacker clan
(35:49 / All) XxLordDiabloxX: Yeah and I hate hackers
(35:55 / All) LordTG: clan thug
(35:57 / All) GOSU-HARASSER: i find hackers all the time
(35:59 / All) XxLordDiabloxX: Like so fucking much
(36:00 / All) GOSU-HARASSER: doing bloodmage harasing
(36:24 / All) LordTG: leave
(36:25 / All) LordTG: plz